 Dungeon Crawl Stone Soup version 0.32-a0-616-g9348d4545b (webtiles) character file.

Game seed: 5530907792249335990

596930 RepHenryClay the Impregnable (level 27, -4/250 HPs)
             Began as a Ghoul Fighter on Mar 1, 2024.
             Was the Champion of Makhleb.
             Slain by a rockslime (15 damage)
             ... on level 4 of the Pits of Slime on Mar 6, 2024.
             The game lasted 04:36:21 (98928 turns).

RepHenryClay the Impregnable (Ghoul Fighter)       Turns: 98928, Time: 04:36:21

Health: -4/250     AC: 25    Str: 30 (31) XL:     27
Magic:  37/37      EV: 20    Int:  7      God:    Makhleb [******]
Gold:   5936       SH: 26    Dex: 16 (17) Spells: 24/26 levels left

rFire   + + +        a - +9 eveningstar (spect)
rCold   + + .        K - -1 tower shield "Heydde" {Rampage rPois Will+}
rNeg    + + +        R - +9 gold dragon scales
rPois   ∞            l - +2 hat {Will+}
rElec   +            P - +2 cloak {rCorr}
rCorr   +            T - +2 pair of gloves {Str+3}
SInv    .            Z - +2 pair of boots {Stlth+}
Will    +++++        f - amulet "Ydetiol" {Reflect rF+ SH+5} Stlth
                     v - ring "Osiarph" {rElec rF+ EV+5 Dex+3}
HPRegen 0.00/turn    k - ring of willpower
MPRegen 0.25/turn

%: reflection, rampage
@: about to teleport, corroded, fragile (+50% incoming damage), inhibited regen,
studying 2 skills
A: claws 1, cold resistance 1, negative energy resistance 3, inhibited
regeneration, torment resistance 2, devour on kill
}: 3/15 runes: serpentine, barnacled, silver
a: Renounce Religion, Minor Destruction, Lesser Servant of Makhleb, Major
Destruction, Greater Servant of Makhleb


You were on level 4 of the Pits of Slime.
You worshipped Makhleb.
Makhleb was exalted by your worship.
You visited 11 branches of the dungeon, and saw 55 of its levels.
You visited the Abyss 1 time.
You also visited: Wizlab.

You collected 9737 gold pieces.
You spent 3801 gold pieces at shops.

Inventory:

Hand Weapons
 a - a +9 spectral eveningstar (weapon)
Missiles
 j - 30 javelins
 G - 5 throwing nets
 J - 27 silver javelins
Armour
 i - the +6 scale mail of Poor Excuses {Rampage rF+ Int+2}
   (You bought it in a shop on level 2 of the Snake Pit)

   Int+2:     It affects your intelligence (+2).
   rF+:       It protects you from fire.
   Rampage:   It bestows one free step when moving towards enemies.
 l - a +2 hat of willpower (worn)
 p - a scarf of repulsion
 s - the +3 crown of Dyrovepreva {rElec Int+2 SInv}
   (You found it on level 4 of the Shoals)

   Int+2:     It affects your intelligence (+2).
   rElec:     It insulates you from electricity.
   SInv:      It lets you see invisible.
 E - the +6 storm dragon scales "Juhohips" {rElec rF+ rC+ Str+2 Stlth--}
   (You found it on level 3 of the Realm of Zot)

   Str+2:     It affects your strength (+2).
   rF+:       It protects you from fire.
   rC+:       It protects you from cold.
   rElec:     It insulates you from electricity.
   Stlth--:   It makes you much less stealthy.
 K - the -1 tower shield "Heydde" (worn) {Rampage rPois Will+}
   (You found it on level 3 of the Elven Halls)

   rPois:     It protects you from poison.
   Will+:     It increases your willpower.
   Rampage:   It bestows one free step when moving towards enemies.
 M - the +6 fire dragon scales of the Desert {rElec rF++ rC- rN++ rCorr MP+9 Int-4 Stlth--}
   (You found it on level 3 of the Realm of Zot)

   Int-4:     It affects your intelligence (-4).
   rF++:      It greatly protects you from fire.
   rC-:       It makes you vulnerable to cold.
   rElec:     It insulates you from electricity.
   rN++:      It greatly protects you from negative energy.
   MP+9:      It affects your magic capacity (+9).
   rCorr:     It protects you from acid and corrosion.
   Stlth--:   It makes you much less stealthy.
 P - a +2 cloak of preservation (worn)
 R - +9 gold dragon scales (worn)
 T - a +2 pair of gloves of strength (worn)
 Z - a +2 pair of boots of stealth (worn)
Jewellery
 f - the amulet "Ydetiol" (around neck) {Reflect rF+ SH+5}
   (You took it off a deep elf annihilator on level 3 of the Elven Halls)

   [amulet of reflection]

   Reflect:   It reflects blocked missile attacks.
   rF+:       It protects you from fire.
   SH+5:      It affects your SH (+5).
 k - a ring of willpower (right hand)
 v - the ring "Osiarph" (left hand) {rElec rF+ EV+5 Dex+3}
   (You found it on level 3 of the Crypt)

   [ring of evasion]

   EV+5:      It affects your evasion (+5).
   Dex+3:     It affects your dexterity (+3).
   rF+:       It protects you from fire.
   rElec:     It insulates you from electricity.
 z - a ring of flight
 O - an amulet of regeneration
 S - the ring "Ritway Carost" {+Blink rC+ MP+9 Str+2}
   (You found it on level 2 of the Elven Halls)

   [ring of protection from cold]

   Str+2:     It affects your strength (+2).
   rC+:       It protects you from cold.
   MP+9:      It affects your magic capacity (+9).
   +Blink:    It lets you blink.
 U - a +5 ring of evasion
 W - a ring of see invisible
 Y - the ring "Nabohun" {rCorr Int+2}
   (You took it off a deep elf death mage on level 3 of the Elven Halls)

   [ring of resist corrosion]

   Int+2:     It affects your intelligence (+2).
   rCorr:     It protects you from acid and corrosion.
Wands
 w - a wand of light (20)
 y - a wand of iceblast (19)
 C - a wand of digging (24)
 N - a wand of mindburst (28)
 Q - a wand of paralysis (34)
Scrolls
 n - 12 scrolls of poison
 q - 3 scrolls of teleportation
 r - a scroll of blinking
 x - 3 scrolls of revelation
 A - 3 scrolls of immolation
 B - 6 scrolls of fog
 D - 4 scrolls of amnesia
 F - 3 scrolls of brand weapon
 V - 5 scrolls of summoning
Potions
 c - 2 potions of invisibility
 d - 7 potions of might
 h - 21 potions of curing
 m - 6 potions of enlightenment
 o - 4 potions of haste
 t - 3 potions of cancellation
 u - 12 potions of attraction
 I - 3 potions of heal wounds
 L - 5 potions of magic
 X - 3 potions of resistance
Miscellaneous
 b - a phial of floods
 e - a condenser vane
 g - a sack of spiders
 H - a phantom mirror


   Skills:
 + Level 21.0 Fighting
 - Level 15.9(16.0) Maces & Flails
 - Level 1.6(10.5) Staves
 - Level 4.0 Throwing
 + Level 23.4 Armour
 - Level 18.0 Dodging
 + Level 20.9 Shields
 - Level 21.0 Invocations


You had 24 spell levels left.
You knew the following spells:

 Your Spells              Type           Power      Damage    Failure   Level
a - Blink                 Tloc           0%         N/A       100%        2

Your spell library contained the following spells:

 Spells                   Type           Power      Damage    Failure   Level
 Foxfire                  Conj/Fire      0%         2x1d4     99%         1
 Freeze                   Ice            0%         1d3       99%         1
 Magic Dart               Conj           0%         1d3       99%         1
 Necrotise                Necr           0%         1d4       99%         1
 Sandblast                Erth           0%         2d4       99%         1
 Shock                    Conj/Air       0%         1d3       99%         1
 Slow                     Hex            0%         N/A       99%         1
 Sting                    Conj/Alch      0%         1d3       99%         1
 Summon Small Mammal      Summ           0%         N/A       99%         1
 Call Imp                 Summ           0%         N/A       100%        2
 Cigotuvi's Dreadful Rot  Necr/Alch/Air  0%         N/A       100%        2
 Ensorcelled Hibernation  Hex/Ice        0%         N/A       100%        2
 Lesser Beckoning         Tloc           0%         N/A       100%        2
 Mercury Vapours          Alch/Air       0%         N/A       100%        2
 Momentum Strike          Conj/Tloc      0%         3d8       100%        2
 Scorch                   Fire           0%         2d5       100%        2
 Call Canine Familiar     Summ           0%         N/A       100%        3
 Confusing Touch          Hex            0%         N/A       100%        3
 Dazzling Flash           Conj/Hex       0%         N/A       100%        3
 Frozen Ramparts          Ice            0%         1d1       100%        3
 Fugue of the Fallen      Necr           0%         N/A       100%        3
 Hailstorm                Conj/Ice       0%         3d5       100%        3
 Inner Flame              Hex/Fire       0%         N/A       100%        3
 Mephitic Cloud           Conj/Alch/Air  0%         N/A       100%        3
 Ozocubu's Armour         Ice            0%         N/A       100%        3
 Passwall                 Erth           0%         N/A       100%        3
 Sigil of Binding         Hex            0%         N/A       100%        3
 Stone Arrow              Conj/Erth      0%         3d7       100%        3
 Swiftness                Air            0%         N/A       100%        3
 Tukima's Dance           Hex            0%         N/A       100%        3
 Vampiric Draining        Necr           0%         2d6       100%        3
 Airstrike                Air            0%         2d(0-16)  100%        4
 Anguish                  Hex/Necr       0%         N/A       100%        4
 Animate Armour           Summ/Erth      0%         N/A       100%        4
 Animate Dead             Necr           0%         N/A       100%        4
 Brom's Barrelling Bould  Conj/Erth      0%         2d3       100%        4
 Cause Fear               Hex            0%         N/A       100%        4
 Dimensional Bullseye     Hex/Tloc       0%         N/A       100%        4
 Dispel Undead            Necr           0%         3d6       100%        4
 Flame Wave               Conj/Fire      0%         2d4       100%        4
 Fulminant Prism          Conj/Alch      0%         3d5       100%        4
 Ignite Poison            Fire/Alch      0%         N/A       100%        4
 Leda's Liquefaction      Alch/Erth      0%         N/A       100%        4
 Manifold Assault         Tloc           0%         N/A       100%        4
 Martyr's Knell           Necr/Summ      0%         N/A       100%        4
 Olgreb's Toxic Radiance  Alch           0%         N/A       100%        4
 Passage of Golubria      Tloc           0%         N/A       100%        4
 Summon Blazeheart Golem  Fire/Summ      0%         N/A       100%        4
 Summon Lightning Spire   Summ/Air       0%         N/A       100%        4
 Alistair's Intoxication  Alch           0%         N/A       100%        5
 Borgnjor's Vile Clutch   Necr/Erth      0%         N/A       100%        5
 Curse of Agony           Necr           0%         N/A       100%        5
 Fireball                 Conj/Fire      0%         3d3       100%        5
 Freezing Cloud           Conj/Ice/Air   0%         6-21      100%        5
 Iskenderun's Battlesphe  Conj           0%         2d6       100%        5
 Lee's Rapid Deconstruct  Erth           0%         3d4*      100%        5
 Metabolic Englaciation   Hex/Ice        0%         N/A       100%        5
 Silence                  Hex/Air        0%         N/A       100%        5
 Summon Forest            Summ/Tloc      0%         N/A       100%        5
 Yara's Violent Unravell  Hex/Alch       0%         3d3       100%        5
 Bombard                  Conj/Erth      0%         9d1       100%        6
 Conjure Ball Lightning   Conj/Air       0%         3x3d6     100%        6
 Death Channel            Necr           0%         N/A       100%        6
 Dispersal                Tloc           0%         N/A       100%        6
 Plasma Beam              Fire/Air       0%         2x1d10    100%        6
 Sculpt Simulacrum        Ice/Alch       0%         N/A       100%        6
 Starburst                Conj/Fire      0%         6d3       100%        6
 Summon Cactus Giant      Summ           0%         N/A       100%        6
 Enfeeble                 Hex            0%         N/A       100%        7
 Haunt                    Necr/Summ      0%         N/A       100%        7
 Malign Gateway           Summ/Tloc      0%         N/A       100%        7
 Orb of Destruction       Conj           0%         9d5       100%        7
 Spellforged Servitor     Conj/Summ      0%         N/A       100%        7
 Discord                  Hex            0%         N/A       100%        8
 Disjunction              Tloc           0%         N/A       100%        8
 Infestation              Necr           0%         N/A       100%        8
 Lehudib's Crystal Spear  Conj/Erth      0%         10d2      100%        8
 Summon Horrible Things   Summ           0%         N/A       100%        8


Dungeon Overview and Level Annotations

Branches:
Dungeon (15/15)            Temple (0/1) D:7            Lair (5/5) D:9
 Shoals (4/4) Lair:2        Snake (4/4) Lair:2        Slime (5/5) Lair:4
    Orc (2/2) D:10            Elf (3/3) Orc:2        Vaults (5/5) D:13
  Crypt (3/3) Vaults:3       Tomb (0/3) Crypt:3      Depths (4/4) D:15
    Zot (5/5) Depths:4     WizLab (visited)

Altars:
Cheibriados
Dithmenos
Gozag
Hepliaklqana
Kikubaaqudgha
Makhleb
Okawaru
Qazlal
Sif Muna
Trog
Xom
Yredelemnul
Jiyva

Shops:
D:9 *   D:10 *   D:11 (=:(   D:13 =!   D:15 (   Orc:1 !   Orc:2 [=!?
Shoals:3 [   Snake:2 ([   Snake:3 [   Snake:4 !   Vaults:2 [   Depths:4 *

Portals:
Hell: Depths:1 Depths:2 Depths:3 Depths:4
Abyss: Depths:3
Pandemonium: Depths:2
Ziggurat: Depths:1

Annotations:
Slime:5 Royal Jelly
Zot:5 1 exclusion


Innate Abilities, Weirdness & Mutations

You are immune to poison.
You have sharp fingernails.
Your flesh is cold resistant. (rC+)
You are immune to negative energy. (rN+++)
You do not regenerate when monsters are visible.
You are immune to unholy pain and torment.
You thrive by killing the living.


Message History

You feel strangely unstable.
Your surroundings suddenly seem different.
Acid dripping from the walls corrodes you.
A glass eye and a shining eye come into view.
The glass eye turns its gaze towards you.
The shining eye turns its gaze towards you.
The glass eye gazes at you.
Your body becomes as fragile as glass!
The shining eye gazes at you.
Strange energies course through your body.
Your body decomposes!
You feel clumsy. The glass eye gazes at you.
You feel your fragility will last longer.
The glass eye turns its gaze towards you.
You rampage towards the glass eye!
As you read the scroll of teleportation, it crumbles to dust.
You feel strangely unstable.
You rampage towards the glass eye!
You hit the glass eye.
The glass eye is lightly wounded.
Your +9 spectral eveningstar hits the glass eye.
The glass eye gazes at you.
You feel your fragility will last longer.
The shining eye gazes at you.
Strange energies course through your body.
Your body decomposes!
You feel weakened. The glass eye gazes at you.
You feel your fragility will last longer.
You hit the glass eye but do no damage.
The glass eye is lightly wounded.
Your +9 spectral eveningstar hits the glass eye but does no damage.
You impale the glass eye!!
The glass eye is severely wounded.
Your +9 spectral eveningstar hits the glass eye!
The rockslime hits your +9 spectral eveningstar!!
Your spectral weapon shares its damage with you!
Your +9 spectral eveningstar holds its ground!
Your +9 spectral eveningstar disappears.
You die...

##........# ..
#.....#..# ....
##...G...# ....#
#........# .....#
##........#
.........##......#...#
........#.........#.##
##..#.........#...# #
#.........@G..#..##
.........G...#....#
#.#.......J..#...##
................##
#....>........#.#
##...............
#................
#.................. #
.................#. ##


You could see a rockslime, a shining eye and 2 glass eyes.

Vanquished Creatures
  Dissolution (Slime:1)
  Frederick (Crypt:2)
  2 dread liches (Crypt:3)
  An orb of fire (Zot:4)
  2 ancient liches
  Mara (Shoals:3)
  Xtahua (Crypt:1)
  Sojobo (Vaults:4)
  Bai Suzhen (Snake:4)
  A Killer Klown (Zot:2)
  Parghit (Zot:1)
  3 curse toes
  Margery (Vaults:4)
  The ghost of Harhicoo the Slayer, an adept MiBe of Trog (Vaults:1)
  10 golden dragons
  3 bone dragons
  3 electric golems (Zot:1)
  A shard shrike skeleton (Crypt:1)
  9 tentacled monstrosities
  Zenata (Vaults:4)
  Jorgrun (Orc:2)
  An Ice Fiend (Zot:3)
  8 liches
  4 titans (Vaults:5)
  An Orb Guardian (Zot:5)
  3 quicksilver dragons
  2 deep elf master archers (Elf:3)
  A searing wretch (Vaults:4)
  5 deep elf blademasters
  3 sphinxes
  15 acid blobs
  Gastronok (Lair:3)
  2 ancient champions
  Frances (Snake:2)
  2 krakens (Shoals:3)
  8 tengu reavers
  11 death cobs
  The ghost of Tupra the Fetichist, an adept CoGl of Okawaru (Lair:3)
  7 shadow dragons
  10 storm dragons
  A revenant (Crypt:1)
  7 rockslimes
  Donald (Vaults:4)
  A daeva (Vaults:3)
  10 azure jellies
  6 draconian monks
  6 nagarajas
  12 fire giants
  5 draconian knights
  7 draconian shifters
  A protean progenitor (Zot:1)
  14 deep elf sorcerers
  7 draconian scorchers
  3 iron dragons
  7 frost giants
  Louise (D:14)
  A ghost moth (Zot:1)
  6 ghouls
  2 angels
  14 vault wardens
  4 deep elf elementalists (Elf:3)
  6 draconian annihilators
  A juggernaut zombie (Crypt:1)
  An orc warlord (Vaults:3)
  A spriggan defender (Depths:2)
  A curse skull (Crypt:3)
  4 formless jellyfish
  6 quicksilver oozes
  A reaper (Crypt:2)
  18 ironbound preservers
  10 draconian stormcallers (Zot:3)
  12 black draconians
  16 very ugly things
  16 stone giants
  12 deep elf death magi
  8 green draconians
  15 yellow draconians
  6 ironbound thunderhulks
  3 vampire knights
  3 deep elf demonologists
  8 deep elf annihilators
  A juggernaut skeleton (Crypt:1)
  7 war gargoyles
  12 white draconians
  10 purple draconians
  Azrael (Elf:1)
  8 spark wasps
  14 red draconians
  4 dire elephants (Vaults:1)
  An eidolon (Depths:1)
  13 ettins
  15 merfolk impalers
  12 merfolk javelineers
  14 fire dragons
  9 jiangshi
  2 crystal guardians (Vaults:3)
  5 deep elf high priests
  9 great orbs of eyes
  31 vault guards
  12 yaktaur captains
  An entropy weaver (Vaults:1)
  6 ice dragons
  2 spriggan zombies (Crypt:2)
  4 salamander tyrants
  5 hydras
  2 peacekeepers (Vaults:3)
  Fannar (Lair:3)
  7 ogre magi
  3 radroaches (Depths:1)
  3 rakshasas
  3 ghost crabs (Depths:1)
  8 ironbound frosthearts
  A merfolk avatar (Shoals:2)
  5 boulder beetles
  Erica (Lair:1)
  4 spriggan air magi
  9 centaur warriors
  A spriggan skeleton (Crypt:2)
  A bennu zombie (Crypt:1)
  28 dancing weapons
  3 merfolk aquamancers
  3 catoblepae
  An alligator snapping turtle (Shoals:1)
  A death knight (Crypt:1)
  A two-headed ogre (shapeshifter) (Elf:1)
  6 anacondas
  6 tengu warriors
  17 two-headed ogres
  A satyr (Shoals:3)
  A deep troll shaman (Lair:5)
  7 death yaks
  7 deep troll earth magi
  14 naga sharpshooters
  23 deep elf knights
  11 naga warriors
  5 shock serpents
  6 spriggan berserkers
  12 vampire magi
  3 occultists
  The ghost of retardedninja the Cleaver, a novice MDFi of Cheibriados (D:8)
  9 hell knights
  Nergalle (Lair:1)
  2 soul eaters
  A titan skeleton (Depths:1)
  2 skysharks
  6 salamander mystics
  Sonja (Orc:2)
  A spectral death yak (Lair:3)
  11 skeletal warriors
  4 iron trolls
  15 sea snakes
  5 cherubim (Shoals:4)
  45 deep trolls
  13 lindwurms
  4 arcanists
  6 naga ritualists
  An orb spider (shapeshifter) (Vaults:5)
  3 glowing orange brains (Depths:3)
  A mana viper (shapeshifter) (D:14)
  7 bog bodies
  9 mana vipers
  2 death drakes (Depths:1)
  A swamp dragon (Lair:1)
  12 phantasmal warriors
  2 flayed ghosts
  A fenstrider witch simulacrum (Crypt:1)
  3 harpies (Vaults:2)
  14 ironbound convokers
  8 thermic dynamos
  A spriggan simulacrum (Depths:1)
  17 deep elf archers
  A wolf spider (Vaults:5)
  Pikel (D:8)
  A harpy (shapeshifter) (D:13)
  6 orc knights
  14 necromancers
  5 shining eyes
  An oklob plant (Lair:4)
  50 deep elf pyromancers
  11 manticores
  33 deep elf zephyrmancers
  9 fauns
  A fire giant zombie (Crypt:3)
  A meliai (shapeshifter) (D:14)
  20 ugly things
  9 elephants
  A tengu skeleton (Depths:1)
  22 moths of wrath
  2 ice statues (Depths:1)
  A kobold blastminer (Orc:2)
  A shadow dragon skeleton (Crypt:2)
  5 cyclopes
  A dire elephant zombie (Crypt:1)
  9 salamanders
  A jorogumo skeleton (Crypt:3)
  6 merfolk sirens
  An iron dragon skeleton (Crypt:3)
  5 guardian serpents
  8 water nymphs
  The ghost of DiddlyDoom the Cleaver, a novice MDBe of Trog (D:6)
  An apocalypse crab (Abyss:2)
  12 vault sentinels
  An alligator snapping turtle zombie (Crypt:3)
  A black mamba (shapeshifter) (D:14)
  A water nymph (shapeshifter) (Vaults:5)
  5 eyes of devastation
  2 centaur skeletons
  A fire giant skeleton (Crypt:2)
  5 cane toads
  6 large abominations
  A smoke demon (Abyss:2)
  19 naga magi
  33 black mambas
  A stone giant skeleton (Depths:1)
  4 gargoyles (D:12)
  A titan simulacrum (Depths:1)
  3 kobold demonologists
  A rime drake (Lair:5)
  4 freezing wraiths
  7 komodo dragons
  A death yak zombie (Crypt:2)
  An ice devil (WizLab)
  An efreet (D:14)
  19 yaktaurs
  A tormentor (WizLab)
  Psyche (D:11)
  2 golden dragon simulacra (Depths:1)
  2 bunyip simulacra (Depths:1)
  7 tengu conjurers
  A guardian mummy (Crypt:3)
  40 merfolk
  5 harpy zombies (Shoals:2)
  8 wind drakes
  8 polar bears
  A harpy skeleton (Crypt:3)
  2 tarantellas (Depths:1)
  6 glass eyes
  A jumping spider zombie (Crypt:3)
  6 trolls
  5 hornets
  15 blink frogs
  9 snapping turtles
  A dream sheep (Shoals:4)
  A meliai zombie (D:10)
  A stone giant simulacrum (Depths:1)
  125 slime creatures
  4 spriggans
  4 shadows
  3 air elementals
  11 wraiths
  A small abomination (Abyss:2)
  A centaur simulacrum (Crypt:1)
  A culicivora (shapeshifter) (Vaults:1)
  11 water elementals
  A vampire (D:14)
  6 fire elementals
  2 wargs
  4 wyverns
  A ynoxinul (Abyss:2)
  5 basilisks
  An alligator snapping turtle simulacrum (Depths:1)
  41 yaks
  3 golden eyes
  2 redbacks (Vaults:1)
  A steam dragon (D:9)
  2 death yak simulacra (Lair:3)
  8 vampire mosquitoes
  57 nagas
  A swamp worm (shapeshifter) (Vaults:5)
  5 hydra simulacra
  15 water moccasins
  2 glowing shapeshifter skeletons (Depths:1)
  A naga skeleton (Crypt:3)
  Duvessa (D:4)
  A merfolk skeleton (Crypt:1)
  A spectral torpor snail (Lair:3)
  A fire dragon simulacrum (Depths:1)
  2 hell hounds (Elf:1)
  19 orc warriors
  5 black bears
  13 laughing skulls
  A manticore zombie (Shoals:2)
  2 ettin simulacra (Crypt:1)
  27 ogres
  34 wolves
  4 lemures (D:8)
  6 centaurs
  A blink frog skeleton (Crypt:2)
  A dream sheep skeleton (Crypt:3)
  A rime drake zombie (Crypt:1)
  16 bullfrogs
  5 scorpions
  4 earth elementals
  2 gnoll sergeants (D:7)
  A glowing shapeshifter simulacrum (Depths:1)
  A human simulacrum (Depths:1)
  A wyvern zombie (Crypt:3)
  A cyclops zombie (Crypt:1)
  8 wights
  A cyclops skeleton (Crypt:2)
  Dowan (D:4)
  10 jellies
  5 killer bees (D:9)
  8 howler monkeys
  An electric eel (Lair:1)
  10 centaur zombies (D:10)
  4 quasits (D:7)
  4 hounds
  2 gnoll boudas
  20 orc priests
  7 iguanas
  An iron imp (Abyss:2)
  A sleepcap (D:5)
  A basilisk skeleton (Crypt:2)
  24 orc wizards
  A deep dwarf skeleton (Crypt:1)
  A boggart simulacrum (D:15)
  12 mummies (Crypt:3)
  16 gnolls
  11 adders
  A white imp (D:6)
  A ribbon worm zombie (Crypt:3)
  4 ufetubi
  A jelly zombie (Crypt:3)
  A dart slug (D:3)
  3 ribbon worms
  75 orcs
  A bat zombie (Shoals:2)
  10 endoplasms
  4 giant cockroaches
  9 hobgoblins
  2 jackals (D:1)
  2 quokkas
  7 ball pythons
  3 bats
  A dart slug zombie (Crypt:2)
  4 frilled lizards
  9 goblins
  A goblin zombie (Crypt:2)
  5 kobolds
  A quokka skeleton (Crypt:1)
  A quokka zombie (Crypt:2)
  2 rats
  3 spectral weapons
  7 tentacles (Shoals:3)
2266 creatures vanquished.

Vanquished Creatures (collateral kills)
  An acid blob (Slime:5)
  A tengu reaver (Vaults:4)
  2 rockslimes (Slime:5)
  A green draconian (Zot:2)
  A yaktaur captain (Vaults:4)
  A great orb of eyes (Vaults:4)
  2 ironbound frosthearts (Vaults:4)
  A boulder beetle (Vaults:4)
  A shadow demon (WizLab)
  A yaktaur (Vaults:4)
12 creatures vanquished.

Vanquished Creatures (others)
  A draconian knight (Zot:3)
  A fire giant (Depths:4)
  A draconian stormcaller (Zot:3)
  A green draconian (Zot:2)
  A deep elf high priest (Elf:3)
  A satyr (Shoals:3)
  An occultist (Depths:3)
  An arcanist (Depths:1)
  4 deep elf pyromancers
  2 deep elf zephyrmancers
  A manticore (Shoals:3)
  An orc wizard (Vaults:5)
  193 spectral weapons
  18 tentacles (Shoals:3)
227 creatures vanquished.

Grand Total: 2505 creatures vanquished

Notes
Turn   | Place    | Note
-------+----------+-------------------------------------------
     0 | D:1      | RepHenryClay the Ghoul Fighter began the quest for the Orb.
     0 | D:1      | Reached XP level 1. HP: 19/19 MP: 1/1
   128 | D:1      | Reached XP level 2. HP: 26/26 MP: 2/2
   546 | D:2      | Reached skill level 1 in Staves
   633 | D:2      | Reached XP level 3. HP: 30/31 MP: 3/3
   969 | D:2      | Reached XP level 4. HP: 38/38 MP: 4/4
  1216 | D:3      | Found a hazy altar of Hepliaklqana.
  1487 | D:3      | Reached XP level 5. HP: 44/45 MP: 5/5
  1764 | D:3      | Found a shadowy altar of Dithmenos.
  2178 | D:4      | Reached skill level 5 in Maces & Flails
  2178 | D:4      | Reached XP level 6. HP: 51/51 MP: 6/6
  2572 | D:4      | Noticed Duvessa
  2572 | D:4      | Noticed Dowan
  3202 | D:5      | Entered Level 5 of the Dungeon
  3340 | D:5      | Reached XP level 7. HP: 56/57 MP: 7/7
  4227 | D:6      | Found a burning altar of Makhleb.
  4233 | D:6      | Reached XP level 8. HP: 61/63 MP: 8/8
  4237 | D:6      | Became a worshipper of Makhleb the Destroyer
  4558 | D:6      | Found a snail-covered altar of Cheibriados.
  4838 | D:6      | Found a runed translucent door.
  4841 | D:6      | Noticed DiddlyDoom's ghost (novice MDBe)
  5134 | D:7      | Found an iron altar of Okawaru.
  5217 | D:7      | Reached * piety under Makhleb
  5371 | D:7      | Reached skill level 3 in Armour
  5373 | D:7      | Reached XP level 9. HP: 56/70 MP: 9/9
  5447 | D:7      | Reached skill level 4 in Armour
  5496 | D:7      | Found a stormy altar of Qazlal.
  5753 | D:7      | Found a staircase to the Ecumenical Temple.
  5934 | D:7      | Reached skill level 5 in Armour
  6316 | D:8      | Reached ** piety under Makhleb
  6317 | D:8      | Reached skill level 6 in Armour
  6473 | D:8      | Found a shimmering altar of Xom.
  6527 | D:8      | Reached skill level 7 in Armour
  6700 | D:8      | Noticed retardedninja's ghost (novice MDFi)
  6703 | D:8      | Found a runed translucent door.
  7089 | D:8      | Noticed Pikel
  7160 | D:8      | Killed Pikel
  7161 | D:8      | Reached skill level 8 in Armour
  7161 | D:8      | Reached skill level 10 in Maces & Flails
  7161 | D:8      | Reached XP level 10. HP: 58/77 MP: 10/10
  8220 | D:9      | Noticed an elephant
  8244 | D:9      | Killed an elephant
  8278 | D:9      | Reached *** piety under Makhleb
  8279 | D:9      | Reached skill level 5 in Fighting
  8330 | D:9      | Noticed a two-headed ogre
  8388 | D:9      | Killed a two-headed ogre
  8537 | D:9      | Found a staircase to the Lair.
  8559 | D:9      | Found an opulent altar of Gozag.
  8799 | D:9      | Found Pouz Lykh's General Store.
  8808 | D:9      | Bought a potion of curing for 48 gold pieces
  8833 | D:9      | Noticed a two-headed ogre
  8851 | D:9      | Killed a two-headed ogre
  8852 | D:9      | Reached XP level 11. HP: 50/89 MP: 11/11
  9722 | D:10     | Entered Level 10 of the Dungeon
  9754 | D:10     | Found a staircase to the Orcish Mines.
  9934 | D:10     | Found a bloodstained altar of Trog.
 10110 | D:10     | Found a basalt altar of Yredelemnul.
 10400 | D:10     | Found Koar's Overcharged Wands.
 10846 | D:10     | Reached **** piety under Makhleb
 10916 | D:11     | Noticed a two-headed ogre
 11178 | D:10     | Killed a two-headed ogre
 11382 | Lair:1   | Entered Level 1 of the Lair of Beasts
 11502 | Lair:1   | Identified the +9 spear "Quamilog" {flame, ^Contam rC+ rN++
                  | Str+3}
 11615 | Lair:1   | Noticed Nergalle
 11774 | Lair:1   | Killed Nergalle
 11775 | Lair:1   | Reached XP level 12. HP: 79/97 MP: 12/12
 11875 | Lair:1   | Reached skill level 9 in Armour
 12053 | Lair:1   | Noticed Erica
 12067 | Lair:1   | Killed Erica
 12442 | Lair:1   | Reached skill level 10 in Armour
 12442 | Lair:1   | Reached skill level 5 in Shields
 12908 | Lair:2   | Found a staircase to the Snake Pit.
 13080 | Lair:2   | Identified the +1 chain mail of Calculation {-Tele Fly
                  | Int+3 Dex+7}
 13136 | Lair:2   | Noticed an eight-headed hydra
 13148 | Lair:2   | Killed an eight-headed hydra
 13416 | Lair:2   | Reached ***** piety under Makhleb
 13527 | Lair:2   | Reached skill level 11 in Armour
 13628 | Lair:2   | Reached XP level 13. HP: 111/111 MP: 13/13
 13705 | Lair:2   | Identified a scroll of acquirement
 13710 | Lair:2   | Acquired a manual of Shields
 13888 | Lair:2   | Found a staircase to the Shoals.
 14207 | Lair:3   | Found a runed translucent gate.
 14429 | Lair:3   | Noticed Gastronok
 14462 | Lair:3   | Killed Gastronok
 14463 | Lair:3   | Reached skill level 12 in Armour
 14572 | Lair:3   | Found a runed translucent gate.
 14572 | Lair:3   | Found a runed translucent gate.
 14573 | Lair:3   | Noticed Tupra's ghost (adept CoGl)
 14669 | Lair:3   | Noticed Fannar
 14736 | Lair:3   | Killed Fannar
 15095 | Lair:3   | Reached skill level 10 in Fighting
 15167 | Lair:4   | Reached skill level 1 in Invocations
 15614 | Lair:4   | Found a shimmering altar of Xom.
 15705 | Lair:4   | Identified the +3 dagger of Sulphur {freeze, rElec rF+ rC+
                  | Int+2}
 16006 | Lair:4   | Found a staircase to the Slime Pits.
 16053 | Lair:4   | Reached skill level 13 in Armour
 16350 | Lair:5   | Entered Level 5 of the Lair of Beasts
 16793 | Lair:4   | Reached skill level 1 in Throwing
 17032 | Lair:5   | Reached skill level 5 in Invocations
 17032 | Lair:5   | Reached XP level 14. HP: 107/121 MP: 17/17
 17475 | Lair:5   | Reached ****** piety under Makhleb
 18735 | D:4      | Killed Dowan
 18936 | D:4      | Killed Duvessa
 19300 | D:6      | Killed DiddlyDoom's ghost
 19429 | D:8      | Killed retardedninja's ghost
 19567 | Orc:1    | Entered Level 1 of the Orcish Mines
 19642 | Orc:1    | Found a transporter.
 19661 | Orc:1    | Found Hat Nosa's Distillery.
 19663 | Orc:1    | Found a transporter.
 19744 | Orc:1    | Bought a potion of cancellation for 120 gold pieces
 19744 | Orc:1    | Bought a potion of attraction for 45 gold pieces
 19964 | Orc:2    | Entered Level 2 of the Orcish Mines
 20058 | Orc:2    | Noticed Sonja
 20094 | Orc:2    | Killed Sonja
 20235 | Orc:2    | Found Qainusio's Distillery.
 20235 | Orc:2    | Found Venim's Magic Scroll Emporium.
 20266 | Orc:1    | You fall into a shaft and drop 1 floor!
 20517 | Orc:2    | Paralysed by an ogre mage for 2 turns
 20623 | Orc:2    | Found Arecrim's Armour Shoppe.
 20623 | Orc:2    | Found Nixefin's Jewellery Boutique.
 20641 | Orc:2    | Paralysed by something for 5 turns
 20738 | Orc:2    | Reached skill level 10 in Shields
 20952 | Orc:2    | Bought a potion of degeneration for 14 gold pieces
 20952 | Orc:2    | Bought a potion of lignification for 42 gold pieces
 20952 | Orc:2    | Bought a potion of resistance for 140 gold pieces
 20953 | Orc:2    | Bought 3 scrolls of identify for 84 gold pieces
 20955 | Orc:2    | Bought a +2 pair of boots of stealth for 258 gold pieces
 21104 | Orc:2    | Found a staircase to the Elven Halls.
 21158 | Orc:2    | Reached XP level 15. HP: 126/126 MP: 22/22
 21945 | Orc:2    | Bought 2 potions of curing for 84 gold pieces
 21945 | Orc:2    | Bought 2 potions of curing for 84 gold pieces
 21946 | Orc:2    | Bought a scroll of blinking for 105 gold pieces
 21946 | Orc:2    | Bought a scroll of blinking for 105 gold pieces
 22080 | Orc:1    | Reached skill level 10 in Invocations
 22452 | D:11     | Found Oxkiboez's Antique Weapon Boutique.
 22516 | D:11     | Found Qiseg's Jewellery Shoppe.
 22516 | D:11     | Noticed Psyche
 22525 | D:11     | Killed Psyche
 22568 | D:11     | Found Lucunt's Weapon Shop.
 22629 | D:11     | Found Wafiubot's Book Emporium.
 23264 | D:11     | Bought the ring "Ezxir" {rElec Str-3 Int-4 Dex+8 SInv} for
                  | 466 gold pieces
 23429 | D:12     | Reached skill level 1 in Dodging
 24749 | D:13     | Identified the +1 leather armour of Evolution {Int+2 Dex+4}
 24935 | D:13     | Reached skill level 5 in Dodging
 24989 | D:13     | You fall into a shaft and drop 2 floors!
 24989 | D:15     | Entered Level 15 of the Dungeon
 25283 | D:15     | Found a staircase to the Depths.
 25283 | D:15     | Noticed a fire giant
 25306 | D:15     | Killed a fire giant
 25910 | D:13     | Found Edurul's Distillery.
 25919 | D:13     | Bought a potion of heal wounds for 75 gold pieces
 25934 | D:13     | Found Keintiso's Jewellery Shop.
 26163 | D:13     | Found a gate to the Vaults.
 26643 | D:13     | Found a gate to the Vaults.
 26752 | D:13     | Found Edurul's Distillery.
 26774 | D:13     | Found Keintiso's Jewellery Shop.
 26977 | Abyss:2  | Cast into level 2 of the Abyss (an occultist)
 27181 | Abyss:2  | Found a corrupted altar of Lugonu.
 27516 | D:14     | Escaped the Abyss
 27967 | D:11     | Bought a ring of willpower for 375 gold pieces
 28156 | D:14     | Reached skill level 14 in Armour
 28623 | D:14     | Identified the +9 war axe "Yfauv" {heavy, Will- Str-2
                  | Int+6}
 28641 | D:14     | Reached XP level 16. HP: 119/134 MP: 23/23
 28887 | D:14     | Noticed Louise
 29500 | D:15     | Found Acaschug's Antique Weapon Shop.
 30246 | Snake:1  | Entered Level 1 of the Snake Pit
 30707 | Snake:1  | Upgraded the game from 0.32-a0-576-g706899e69d to
                  | 0.32-a0-593-g85ff8e36a1
 31172 | Snake:1  | Reached skill level 15 in Armour
 31621 | D:15     | Bought an ebony mace for 216 gold pieces
 31621 | D:15     | Identified the +4 mace of the Foot {pain, Dex+3} (You
                  | bought it in a shop on level 15 of the Dungeon)
 33091 | Snake:1  | Reached skill level 16 in Armour
 33279 | Snake:2  | Upgraded the game from 0.32-a0-593-g85ff8e36a1 to
                  | 0.32-a0-597-g8e3e136d6a
 33735 | Snake:2  | Found Detaaxzo's Antique Weapon Shoppe.
 33904 | Snake:2  | Found Femiun's Antique Armour Shoppe.
 33925 | Snake:2  | Noticed Frances
 33949 | Snake:2  | Killed Frances
 35899 | Snake:3  | Reached skill level 17 in Armour
 36170 | Snake:3  | Found Reineitz's Armour Emporium.
 36245 | Snake:3  | Acquired 334 gold pieces
 37392 | Snake:3  | Reached XP level 17. HP: 132/140 MP: 24/24
 38744 | Snake:4  | Entered Level 4 of the Snake Pit
 38762 | Snake:4  | Found Wacveaff's Distillery.
 38839 | Snake:2  | Bought a heavily runed scale mail for 216 gold pieces
 38839 | Snake:2  | Identified the +6 scale mail of Poor Excuses {Rampage rF+
                  | Int+2} (You bought it in a shop on level 2 of the Snake
                  | Pit)
 38937 | Snake:4  | Noticed Bai Suzhen
 38980 | Snake:4  | Killed Bai Suzhen
 39708 | Snake:3  | Reached skill level 18 in Armour
 41472 | Snake:4  | Got a serpentine rune of Zot
 41587 | Snake:1  | Upgraded the game from 0.32-a0-597-g8e3e136d6a to
                  | 0.32-a0-599-gba8f9cf90e
 41670 | Shoals:1 | Entered Level 1 of the Shoals
 44188 | Shoals:1 | Reached XP level 18. HP: 151/151 MP: 26/26
 44396 | D:11     | Bought an amulet of reflection for 450 gold pieces
 44575 | Shoals:2 | Reached skill level 15 in Maces & Flails
 46007 | Shoals:3 | Noticed Mara
 46241 | Shoals:3 | Noticed RepHenryClay's illusion
 46641 | Vaults:1 | Entered Level 1 of the Vaults
 48723 | Vaults:1 | Found a transporter.
 48723 | Vaults:1 | Noticed Harhicoo's ghost (adept MiBe)
 48724 | Vaults:1 | Found a transporter.
 49167 | Vaults:1 | Reached XP level 19. HP: 127/160 MP: 27/27
 49188 | Vaults:1 | Reached skill level 19 in Armour
 49857 | Vaults:2 | Reached skill level 10 in Dodging
 50414 | Vaults:2 | Found Plog's Armour Shoppe.
 50427 | Vaults:2 | Bought a +1 pair of gloves of strength for 346 gold pieces
 50716 | Vaults:2 | You fall into a shaft and drop 2 floors!
 52470 | Vaults:3 | Found a runed translucent gate.
 52470 | Vaults:3 | Found a runed translucent gate.
 52470 | Vaults:3 | Found a runed translucent gate.
 52701 | Vaults:4 | Noticed Donald
 52723 | Vaults:4 | Killed Donald
 53215 | Vaults:4 | Noticed Zenata
 53509 | Elf:1    | Entered Level 1 of the Elven Halls
 53658 | Elf:1    | Noticed Jorgrun
 53825 | Orc:2    | Killed Jorgrun
 53826 | Orc:2    | Reached XP level 20. HP: 174/174 MP: 30/30
 54299 | Elf:1    | Noticed Azrael
 54328 | Elf:1    | Killed Azrael
 54389 | Elf:1    | Paralysed by an air elemental for 1 turns
 54432 | Elf:1    | Reached skill level 20 in Armour
 55266 | Elf:1    | Got the Catalogue of Bruises
 55457 | Elf:2    | Identified the ring "Ritway Carost" {+Blink rC+ MP+9 Str+2}
 55506 | Elf:2    | Found a runed translucent gate.
 55507 | Elf:2    | Found a runed translucent gate.
 55507 | Elf:2    | Found a runed translucent gate.
 55555 | Elf:2    | Reached skill level 15 in Fighting
 56082 | Elf:2    | Paralysed by an air elemental for 1 turns
 56306 | Elf:2    | Found an ancient bone altar of Kikubaaqudgha.
 56347 | Elf:2    | Reached skill level 15 in Invocations
 57189 | Elf:1    | Found a shimmering blue altar of Sif Muna.
 58856 | Shoals:3 | Noticed RepHenryClay's illusion
 58964 | Shoals:3 | Noticed RepHenryClay's illusion
 59018 | Shoals:3 | Noticed RepHenryClay's illusion
 59119 | Shoals:3 | Noticed RepHenryClay's illusion
 59225 | Shoals:3 | Noticed RepHenryClay's illusion
 59249 | Shoals:3 | Killed Mara
 59250 | Shoals:3 | Reached XP level 21. HP: 79/187 MP: 32/32
 59692 | Shoals:3 | Found Muthri's Armour Emporium.
 59819 | Shoals:4 | Entered Level 4 of the Shoals
 59822 | Shoals:4 | Identified the ring "Hijomil" {Ice rElec Int+3}
 59956 | Shoals:4 | Found the +3 crown of Dyrovepreva {rElec Int+2 SInv}
 60043 | Shoals:4 | Identified the +3 dagger of the Snake Pit {flame, +Blink
                  | rC- rCorr}
 60554 | Shoals:4 | Identified the +0 morningstar of the Lesser Evil {protect,
                  | Str+3 Dex+3}
 61694 | Shoals:4 | Got Caser's Codex of the Zephyr and Bewitchment
 61697 | Shoals:4 | Got a barnacled rune of Zot
 62126 | Lair:3   | Killed Tupra's ghost
 63135 | D:15     | Found Acaschug's Antique Weapon Shop.
 63229 | D:15     | Found a staircase to the Depths.
 64499 | D:14     | Killed Louise
 64672 | Vaults:1 | Killed Harhicoo's ghost
 64741 | Vaults:1 | Identified the ring of Gel Atz {rF+ Str-4 Dex+6}
 64961 | Snake:2  | Bought a cloak for 108 gold pieces
 65390 | Vaults:4 | Noticed Margery
 65400 | Vaults:4 | Killed Margery
 65405 | Vaults:4 | Identified the ring "Pufopyorch" {Wiz rF- rC+ rN+ Will+}
 66017 | Vaults:4 | Noticed Sojobo
 66028 | Vaults:4 | Paralysed by an air elemental for 1 turns
 66031 | Vaults:4 | Killed Sojobo
 66381 | Vaults:4 | Killed the ghostly Margery
 66716 | Vaults:4 | Identified the +1 leather armour of Cein {Fly rF+}
 67593 | Depths:1 | Entered Level 1 of the Depths
 67912 | Depths:1 | Found a gateway to Hell.
 67941 | Depths:1 | Reached skill level 15 in Dodging
 68096 | Depths:1 | Reached XP level 22. HP: 159/194 MP: 33/33
 68143 | Depths:1 | Identified the +1 leather armour "Cehimek" {+Blink SInv}
 68144 | Depths:1 | Got the Compilation of Takwin
 68187 | Depths:1 | You fall into a shaft and drop 1 floor!
 68328 | Depths:2 | Found a magical portal.
 68333 | WizLab   | Entered Doroklohe's Tomb
 68910 | Depths:2 | Found a one-way gate leading to the halls of Pandemonium.
 68997 | Depths:1 | Found a one-way gateway to a ziggurat.
 69588 | Depths:1 | Got Ocon's Omnibus of the Icicle
 70178 | Depths:1 | Got the Notes on Caskets
 70433 | Depths:1 | Got the Anthology of the Maleficium
 71837 | Depths:3 | Found a one-way gate to the infinite horrors of the Abyss.
 71877 | Depths:3 | Reached skill level 21 in Armour
 73506 | Depths:4 | Entered Level 4 of the Depths
 74020 | Depths:4 | Reached XP level 23. HP: 165/205 MP: 35/35
 74400 | Depths:4 | Noticed a golden dragon
 74411 | Depths:4 | Killed a golden dragon
 74701 | Depths:4 | Found a gate to the Realm of Zot.
 74735 | Depths:4 | Found Inud's Demolitions Depot.
 75121 | Elf:3    | Entered Level 3 of the Elven Halls
 75896 | Elf:3    | Identified the +9 broad axe of Pride {flame, rElec}
 76341 | Elf:3    | Got the Spellbook of Jinxing and the Door
 76374 | Elf:3    | Identified the staff "Tunyzuul Otu" {rF+ rN+ Dex+2 Fire}
 76376 | Elf:3    | Identified the -1 tower shield "Heydde" {Rampage rPois
                  | Will+}
 76388 | Elf:3    | Identified the amulet "Ydetiol" {Reflect rF+ SH+5}
 76444 | Elf:3    | Identified the ring "Nabohun" {rCorr Int+2}
 77094 | Elf:3    | Upgraded the game from 0.32-a0-599-gba8f9cf90e to
                  | 0.32-a0-607-g64ea0e4219
 77296 | Slime:1  | Entered Level 1 of the Pits of Slime
 77489 | Orc:1    | Bought a potion of heal wounds for 75 gold pieces
 77489 | Orc:1    | Bought a potion of heal wounds for 75 gold pieces
 77489 | Orc:1    | Bought a potion of haste for 150 gold pieces
 77832 | Vaults:3 | Found a staircase to the Crypt.
 77832 | Vaults:3 | Found an ancient bone altar of Kikubaaqudgha.
 77833 | Vaults:3 | Found a basalt altar of Yredelemnul.
 78732 | Crypt:1  | Entered Level 1 of the Crypt
 79663 | Crypt:1  | Reached XP level 24. HP: 218/218 MP: 36/36
 79759 | Crypt:2  | Noticed Xtahua
 79784 | Crypt:1  | Killed Xtahua
 80164 | Crypt:2  | Reached skill level 22 in Armour
 80467 | Crypt:2  | Identified the orb of the Harvest {*channel, Str-4 Slay+3
                  | SInv}
 80467 | Crypt:2  | Noticed Frederick
 80481 | Crypt:2  | Killed Frederick
 80844 | Crypt:3  | Entered Level 3 of the Crypt
 80883 | Crypt:3  | Found the +5 scythe "Finisher" {speed, execute}
 81451 | Crypt:3  | Upgraded the game from 0.32-a0-607-g64ea0e4219 to
                  | 0.32-a0-612-g1c984fe9d1
 82146 | Crypt:3  | Noticed a dread lich
 82297 | Crypt:3  | Found a staircase to the Tomb.
 82358 | Crypt:3  | Noticed a dread lich
 82517 | Crypt:3  | Killed a dread lich
 82553 | Crypt:3  | Killed a dread lich
 82652 | Crypt:3  | Identified the ring "Osiarph" {rElec rF+ EV+5 Dex+3}
 82661 | Crypt:3  | Identified the +3 battleaxe of the Tooth {speed, ^Contam
                  | rPois rN++ Stlth+}
 82677 | Crypt:3  | Identified the staff of Xoet {rPois Str+2 Int+5 Alchemy}
 82817 | Vaults:4 | Killed Zenata
 82970 | Vaults:5 | Entered Level 5 of the Vaults
 83338 | Vaults:5 | Reached XP level 25. HP: 228/228 MP: 36/36
 83389 | Vaults:5 | Identified the staff of Ecvimu {Conj Ice}
 83733 | Vaults:5 | Identified the +1 orcbow "Hyazxo Kydo" {elec, rC+ rN+ MP+9
                  | Dex-4}
 83735 | Vaults:5 | Identified the ring "Hiet Dee" {rN+ MP+9 Str+2}
 83850 | Vaults:5 | Identified the +4 morningstar "Reihait" {venom, Str+2 Int+5
                  | SInv Stlth-}
 83990 | Vaults:5 | Acquired 627 gold pieces
 83992 | Vaults:5 | Identified the ring "Utymasch" {Ice rCorr Str+3}
 84269 | Vaults:5 | Identified the ring "Dypojar" {^Contam Will+ Int+3 SInv}
 84574 | Vaults:5 | Got a silver rune of Zot
 84633 | Vaults:5 | Found the +8 arc blade {discharge, rElec}
 85837 | D:9      | Bought a scroll of enchant armour for 120 gold pieces
 85838 | D:9      | Upgraded the game from 0.32-a0-612-g1c984fe9d1 to
                  | 0.32-a0-616-g9348d4545b
 86035 | Zot:1    | Entered Level 1 of the Realm of Zot
 87151 | Zot:1    | Reached skill level 15 in Shields
 87608 | Zot:2    | Noticed a Killer Klown
 87617 | Zot:2    | Killed a Killer Klown
 88027 | Zot:2    | Noticed Parghit
 88456 | Zot:1    | Killed Parghit
 88795 | Zot:1    | Reached XP level 26. HP: 219/237 MP: 37/37
 90200 | Zot:2    | Noticed an ancient lich
 90720 | Zot:2    | Killed an ancient lich
 90978 | Zot:2    | Learned a level 2 spell: Blink
 93179 | Zot:3    | Noticed an ancient lich
 93216 | Zot:3    | Killed an ancient lich
 93219 | Zot:3    | Found a stormy altar of Qazlal.
 93237 | Zot:3    | Identified the staff "Petruinu" {rF+ Dex+3 Stlth-- Fire
                  | Ice}
 93238 | Zot:3    | Identified the +6 fire dragon scales of the Desert {rElec
                  | rF++ rC- rN++ rCorr MP+9 Int-4 Stlth--}
 93240 | Zot:3    | Identified the +6 storm dragon scales "Juhohips" {rElec rF+
                  | rC+ Str+2 Stlth--}
 93247 | Zot:3    | Identified the staff "Qatil" {rElec Dex+5 Stlth-- Tloc Air
                  | Earth}
 94894 | Zot:4    | Noticed an orb of fire
 94916 | Zot:4    | Killed an orb of fire
 94917 | Zot:4    | Reached XP level 27. HP: 168/245 MP: 37/37
 95630 | Zot:5    | Entered Level 5 of the Realm of Zot
 96996 | Slime:2  | Noticed Dissolution
 97040 | Slime:1  | Killed Dissolution
 97087 | Slime:2  | Reached skill level 23 in Armour
 98587 | Slime:5  | Entered Level 5 of the Pits of Slime
 98838 | Slime:5  | Noticed the Royal Jelly
 98880 | Slime:5  | Found the +8 lance "Wyrmbane" {slay drac, rPois rF+ rC+
                  | AC+3}
 98883 | Slime:5  | Found a viscous altar of Jiyva.
 98902 | Slime:5  | HP: 8/250 [acid blob/splash of acid (6)]
 98908 | Slime:5  | HP: 11/250 [acid blob/splash of acid (5)]
 98928 | Slime:4  | Slain by a rockslime

Illustrated notes

Levels and vault maps discovered:
D:1:      dpeg_arrival_tiny_a, layout_rooms, minmay_misc_feat_room
D:2:      layout_basic
D:3:      layout_loops_ring, mainiacjoe_overflow_brackets,
          mainiacjoe_overflow_boulevard, chequers_arboretum
D:4:      layout_gridville, kennysheep_mini_moat, minmay_misc_feat_enclosed,
          palyth_stone_intersect, grunt_ministairs_15, uniq_duvessa
D:5:      layout_cave_pods, minmay_misc_feat_square
D:6:      layout_loops_cross, gammafunk_ghost_grave, hangedman_feature_mirror
D:7:      cheibrodos_quashed, layout_loops_ring, lemuel_doored_altar,
          okawaru_metal_pillars_1_2, minmay_temple_entry_wispy
D:8:      layout_loops_corners, kennysheep_little_box,
          hellmonk_ghost_happy_afterlife, uniq_pikel
D:9:      layout_roguey, mainiacjoe_overflow_six_doors_small,
          mainiacjoe_overflow_24_doors, david_lair_generic, serial_shops,
          nicolae_square_shop
D:10:     layout_irregular_city, trog_ov_bears_minmay,
          nicolae_yredelemnul_corpse_copse, hiddenorc2_lemuel, minivault_24,
          nicolae_shop_overcharged_wands
D:11:     layout_rooms, serial_shops, shop, nicolae_square_shop, shop,
          nicolae_shop_peninsula, uniq_psyche
D:12:     layout_grid_maze, minmay_between
D:13:     layout_roguey, hangedman_vaults_entry_quadrant_bands, serial_shops,
          shop, shop
D:14:     layout_loops_corners, kennysheep_big_empty_room, st_stairs_3,
          dreamdust_mushroom_princess, uniq_louise
D:15:     grunt_enter_depths_giant_problem, layout_loops_corners, serial_shops,
          shop, wad_floor_pattern_untrapped
Lair:1:   layout_gridlike, pond, grunt_megastairs_4, infiniplex_staircase_pool,
          uniq_erica, uniq_nergalle
Lair:2:   layout_roguey, minmay_shoals_entry_lonely_mermaid,
          guppyfry_snake_entry_island
Lair:3:   layout_hall_layers, gammafunk_ghost_necromancy,
          cheibrodos_lair_lostbears, serial_bayou_shore_b, uniq_fannar,
          uniq_gastronok
Lair:4:   layout_cave_shapes, slime_entry_2, lemuel_oklob_altar,
          serial_bayou_shore_b, grunt_megastairs_5
Lair:5:   grunt_lair_end_beastmaster, layout_small_grid,
          infiniplex_staircase_pool_2
Shoals:1: layout_shoals, nicolae_shoals_mertower
Shoals:2: layout_shoals, nicolae_shoals_undead_eyrie
Shoals:3: layout_shoals, serial_shops, nicolae_shop_tiny_statue_garden,
          uniq_mara
Shoals:4: shoals_end_hellmonk_holy_island
Snake:1:  layout_misc_corridors, grunt_ministairs_4, st_stairs_10, drop_trap
Snake:2:  layout_honeycomb, serial_shops, nicolae_shop_tiny_waterfront,
          lemuel_fruit_tree, minmay_shop_star, serial_bayou_shore_b,
          uniq_frances
Snake:3:  layout_chambers, serial_shops, nicolae_shop_stone,
          nrook_guardian_serpent_ordinary
Snake:4:  minmay_snake_end_coiled, layout_concentric_octagons, serial_shops,
          shop, uniq_bai_suzhen
Slime:1:  layout_caves
Slime:2:  layout_caves, uniq_dissolution
Slime:3:  layout_caves
Slime:4:  layout_caves
Slime:5:  slime_pit_nicolae_trefoil
Orc:1:    layout_caves, serial_shops, nicolae_shop_drivethru
Orc:2:    st_orc_ogre_mass, layout_caves, uniq_sonja
Elf:1:    eino_elf_arrival_the_gate, layout_loops_corners, minmay_elf_sorcery,
          minmay_fountain_box, lemuel_upstairs_altar, uniq_jorgrun, uniq_azrael
Elf:2:    nicolae_elf_blades_crystal_corner, layout_loops_cross, basic_altar,
          minivault_5, minivault_25_ag
Elf:3:    minmay_elf_hall_statues, layout_rooms
Vaults:1: gammafunk_ghost_arena, hangedman_vaults_unwind,
          vaults_dpeg_emergency_exit, v_alt_pattern_5,
          nicolae_vaults_double_plus_2, v_misc_29,
          nicolae_vaults_trapezoid_lopsided_3,
          nicolae_vaults_door_testing_chamber, hangedman_vaults_restitches,
          vaults_standard_mumra_lines, vaults_dpeg_ring,
          layout_vaults_maze_snakey
Vaults:2: v_misc_9, v_misc_25, nicolae_vaults_surprise_closet,
          nicolae_vaults_little_squares_2, v_misc_4, grunt_vaults_focal,
          ontoclasm_vaults_ligature, v_misc_9, v_pattern_5,
          nicolae_vaults_three_branches, layout_vaults_omnigrid, serial_shops,
          nicolae_shop_advertising_works [nicolae_subvault_shop_adworks]
Vaults:3: v_misc_28, abrahamwl_protected_by_tso_1,
          nicolae_vaults_offset_grid_hallway_3, minmay_crypt_entry_necro_gods,
          v_rooms_4, nicolae_vaults_circle_grid_b,
          nicolae_vaults_more_shelving_1, nicolae_vaults_shelves_hall,
          nicolae_vaults_shelves_hall, dpeg_vaults_monster_box,
          layout_vaults_omnicross
Vaults:4: v_misc_26, v_misc_8, nicolae_vaults_back_hallway,
          nicolae_vaults_shipping_containers_3, hangedman_vaults_trim,
          lemuel_angel_altar, nicolae_vaults_steering_wheel,
          ontoclasm_vaults_idyll, nicolae_vaults_theta,
          nicolae_vaults_storage_room_glass, v_misc_8,
          nicolae_vaults_layer_cake_slice, nicolae_vaults_tetromino_Z_1,
          layout_vaults_omnibox, uniq_sojobo, uniq_margery, uniq_donald,
          uniq_zenata
Vaults:5
Crypt:1:  layout_gridlike, serial_glass, glass_columns_b, glass_columns_c,
          nicolae_crypt_fancy_cubbyholes
Crypt:2:  layout_misc_corridors, uniq_xtahua, uniq_frederick
Crypt:3:  david_glass_crypt, layout_gridlike,
          nicolae_tomb_entry_unfolded_pyramid_orthogonal
Depths:1: layout_cave_pools, enter_ziggurat_f, serial_magic_research,
          hangedman_research_thermodynamics, hangedman_research_toxicology,
          hangedman_research_thanatology, hangedman_research_probablistics,
          kennysheep_boxes, grunt_metal_band,
          hangedman_abyss_or_decor_jellyfish_corner,
          nicolae_elyvilon_temple_path
Depths:2: minmay_diamond_stairs, layout_honeycomb, mu_enter_wizlab_2,
          hell_entry, pan_entry, minmay_staircase_bubble
Depths:3: nicolae_cairo_tiling_large, layout_gridville,
          minmay_misc_feat_ornament, nicolae_abyss_entry_one_way_or_another,
          pf_hell_entry_great_geh
Depths:4: grunt_twist_and_shout, layout_cave_pools, pf_coc_iceberg,
          nicolae_blasting_shop, lemuel_nasty_fountain
Zot:1:    layout_cellular_growth, regret_index_zotdec_decaying_basic,
          skrybe_zot_glass_1
Zot:2:    layout_onion, regret_index_zotdec_icy_dp, grunt_ministairs_10,
          lemuel_lich_library, uniq_parghit
Zot:3:    regret_index_qazlal_generations, layout_misc_corridors
Zot:4:    layout_twisted_circle, regret_index_zotdec_under_construction
Zot:5:    layout_misc_corridors

Skill      XL: |  1  2  3  4  5  6  7  8  9 10 11 12 13 14 15 16 17 18 19 20 21 22 23 24 25 26 27 |
---------------+----------------------------------------------------------------------------------+-----
Maces & Flails | 2 3 5 6 7 9 10 12 13 14 15 | 15.9
Staves         | 1 |  1.6
Armour         | 3 8 11 13 14 17 18 19 20 21 22 23 | 23.4
Fighting       | 6 9 10 11 12 14 15 17 18 19 21 | 21.0
Shields        | 3 6 10 12 13 16 20 | 20.9
Invocations    | 5 9 10 11 13 15 16 18 19 21 | 21.0
Throwing       | 1 4 |  4.0
Dodging        | 7 8 9 10 15 16 17 18 | 18.0

Action                     |  1- 3 |  4- 6 |  7- 9 | 10-12 | 13-15 | 16-18 | 19-21 | 22-24 | 25-27 || total
---------------------------+-------+-------+-------+-------+-------+-------+-------+-------+-------++-------
  Melee: Flail             |   132 |   186 |    37 |   110 |   136 |   685 |       |       |       ||  1286
         Mace              |       |    20 |   392 |   695 |  1698 |   241 |       |       |       ||  3046
         Whip              |       |       |       |       |       |  1004 |       |       |       ||  1004
         Morningstar       |       |       |       |       |       |  1203 |  1539 |       |       ||  2742
         Eveningstar       |       |       |       |       |       |       |   680 |  2128 |  2052 ||  4860
  Throw: Dart              |       |       |     1 |    25 |    55 |     7 |     8 |       |       ||    96
 Invoke: Minor Destruction |       |       |       |       |    14 |       |     2 |       |       ||    16
         Major Destruction |       |       |       |       |     5 |       |       |       |       ||     5
         Lesser Servant of |       |       |       |       |     3 |     1 |       |       |       ||     4
         Greater Servant o |       |       |       |       |       |     1 |     2 |     2 |     6 ||    11
  Evoke: Wand              |       |       |       |    13 |     8 |    23 |       |     3 |     4 ||    51
         Phantom mirror    |       |       |       |       |       |       |     1 |     1 |       ||     2
         Condenser vane    |       |       |       |       |       |       |       |     2 |     1 ||     3
    Use: Scroll            |       |       |     6 |     4 |    24 |    10 |    15 |     7 |    26 ||    92
         Potion            |       |       |       |     2 |    10 |    11 |     2 |     4 |    10 ||    39
   Stab: Paralysed         |       |       |       |    10 |       |     6 |       |     2 |       ||    18
         Petrified         |       |       |       |       |    19 |       |       |       |       ||    19
         Distracted        |       |       |       |       |     1 |     1 |    22 |    50 |    37 ||   111
         Invisible         |       |       |       |       |       |     7 |       |       |       ||     7
         Sleeping          |       |       |       |       |       |     1 |       |       |       ||     1
         Confused          |       |       |       |       |       |       |       |       |     1 ||     1
 Armour: Scale mail        |    97 |    22 |       |       |       |   679 |   846 |   828 |    85 ||  2557
         Chain mail        |       |     9 |       |       |       |   416 |   153 |       |       ||   578
         Plate armour      |       |   143 |   335 |   896 |  1528 |   997 |       |       |       ||  3899
         Gold dragon scale |       |       |       |       |       |       |       |       |   987 ||   987
  Dodge: Dodged            |    79 |    61 |   102 |   270 |   500 |   913 |   598 |   593 |   769 ||  3885
         Repelled          |       |       |       |       |       |       |       |       |   133 ||   133
  Block: Buckler           |    26 |    28 |    66 |   160 |   120 |       |       |       |       ||   400
         Kite shield       |       |       |       |       |   719 |   218 |       |       |       ||   937
         Tower shield      |       |       |       |       |       |  3306 |  2397 |  1983 |  2230 ||  9916
         Reflection        |       |       |       |       |       |    61 |   179 |    58 |    36 ||   334

Table legend: (Time is in decaauts)
 A = Elapsed time spent in this place.
 B = Non-inter-level travel time spent in this place.
 C = Inter-level travel time spent in this place.
 D = Time resting spent in this place.
 E = Time spent auto-exploring this place.
 F = Levels seen in this place.
 G = Mean time per level.
                   A        B        C        D        E       F      G
               +--------+--------+--------+--------+--------+-----+--------+
         Total |  97308 |  86625 |  10683 |  21017 |  38151 |  57 | 1707.2 |
       Dungeon |  24911 |  21491 |   3420 |   2833 |  14615 |  15 | 1660.7 |
          Lair |   9227 |   8062 |   1165 |   1869 |   4315 |   5 | 1845.4 |
        Shoals |   7097 |   6691 |    406 |   2139 |   1871 |   4 | 1774.2 |
     Snake Pit |  10387 |   9215 |   1172 |   2881 |   2341 |   4 | 2596.8 |
    Slime Pits |   2198 |   2013 |    185 |     85 |   1245 |   5 |  439.6 |
  Orcish Mines |   3381 |   3003 |    378 |    911 |   1282 |   2 | 1690.5 |
   Elven Halls |   6521 |   5948 |    573 |   1791 |   1635 |   3 | 2173.7 |
        Vaults |  12584 |  11067 |   1517 |   2987 |   3184 |   5 | 2516.8 |
         Crypt |   4007 |   3749 |    258 |    768 |   2005 |   3 | 1335.7 |
        Depths |   7477 |   6807 |    670 |   1843 |   2950 |   4 | 1869.2 |
           Zot |   8753 |   7818 |    935 |   2474 |   2707 |   5 | 1750.6 |
         Abyss |    523 |    523 |      0 |    297 |      0 |   1 |  523.0 |
        Wizlab |    237 |    237 |      0 |    135 |      0 |   1 |  237.0 |
               +--------+--------+--------+--------+--------+-----+--------+

Top non-repeatable levels by time:
Vaults:4: 3239 daAuts
 Snake:2: 3143 daAuts
    D:13: 2946 daAuts
    D:15: 2904 daAuts
    D:14: 2903 daAuts
  Lair:2: 2873 daAuts
   Zot:1: 2818 daAuts
 Snake:3: 2790 daAuts
   Elf:2: 2669 daAuts
     D:9: 2583 daAuts
Vaults:5: 2540 daAuts
Vaults:1: 2500 daAuts
   Zot:2: 2480 daAuts
 Snake:1: 2370 daAuts
Depths:2: 2362 daAuts
